 Dungeon Crawl Stone Soup version 0.28.0-47-ge53b351184 (webtiles) character file.

Game seed: 18307124044698031889

40820 101zpm the Eclecticist (level 14, -9/74 HPs)
             Began as a Djinni Fire Elementalist on May 8, 2022.
             Was an Elder of Hepliaklqana.
             Mangled by a large abomination (32 damage)
             ... in a Gauntlet.
             The game lasted 01:17:05 (27612 turns).

101zpm the Eclecticist (Djinni Fire Elementalist)  Turns: 27612, Time: 01:17:06

Health: -9/74      AC: 11    Str:  7    XL:     14   Next: 46%
Gold:   1829       EV: 13    Int: 20    God:    Hepliaklqana [****..] SH:  5 Dex: 16

rFire   + + +      SeeInvis .   I - +5 eveningstar
rCold   . . .      Faith    .   (no shield)
rNeg    . . .      Spirit   .   z - +3 leather armour of Sefranycs {rF+ Will+ Slay+3}
rPois   ∞          Reflect  +   Q - +2 hat {Will+}
rElec   .          Harm     .   M - +0 cloak
rCorr   .          Rampage  .   C - +0 pair of gloves
Will    ++++.      NoTele   +   (boots unavailable)
Stlth   +++.......              u - amulet of reflection
HPRegen 0.22/turn               s - ring of protection from cold
MPRegen 0.00/turn               q - ring of willpower

@: flying
A: reduced essence, sickness immunity, fire resistance 2, cold vulnerability 1,
float, innate caster, HP casting, extra vitality 1
a: Renounce Religion, Recall Ancestor, Ancestor Identity, Transference, Idealise


You were in a Gauntlet.
You worshipped Hepliaklqana.
Hepliaklqana was greatly pleased with you.
You visited 4 branches of the dungeon, and saw 18 of its levels.
You also visited: Gauntlet.

You collected 1829 gold pieces.

Inventory:

Hand Weapons
 I - a +5 eveningstar (weapon)
Missiles
 p - a throwing net
 J - 7 silver javelins
Armour
 z - the +3 leather armour of Sefranycs (worn) {rF+ Will+ Slay+3}
   (You found it on level 7 of the Dungeon)

   Slay:      It affects your accuracy & damage with ranged weapons and melee
   (+3).
   rF:        It protects you from fire.
   Will:      It increases your willpower.
 C - a +0 pair of gloves (worn)
 M - a +0 cloak (worn)
 Q - a +2 hat of willpower (worn)
Jewellery
 e - a ring of resist corrosion
 q - a ring of willpower (right hand)
 s - a ring of protection from cold (left hand)
 u - an amulet of reflection (around neck)
 x - a +6 ring of strength
 F - a +6 ring of strength
 N - a +4 ring of evasion
 O - a +6 ring of strength
Wands
 t - a wand of iceblast (7)
 w - a wand of digging (8)
 G - a wand of polymorph (8)
Scrolls
 a - a scroll of enchant weapon
 f - 8 scrolls of teleportation
 g - a scroll of blinking
 i - 6 scrolls of enchant armour
 n - 4 scrolls of amnesia
 o - 3 scrolls of noise
 E - a scroll of summoning
 H - 2 scrolls of fog
 L - a scroll of fear
 P - a scroll of brand weapon {unknown}
Potions
 b - 4 potions of curing {unknown}
 c - 2 potions of ambrosia {unknown}
 h - 6 potions of heal wounds {unknown}
 j - a potion of haste
 k - 2 potions of cancellation {unknown}
 l - a potion of brilliance {unknown}
 m - a potion of magic {unknown}
 v - 2 potions of might {unknown}
 A - a potion of invisibility {unknown}
 B - a potion of resistance {unknown}
 D - a potion of mutation {unknown}
 K - 3 potions of lignification {unknown}
Miscellaneous
 r - a condenser vane
 y - a piece from Xom's chessboard (15/15)


   Skills:
 + Level 1.1 Fighting
 + Level 4.7 Armour
 + Level 4.5 Dodging
 + Level 4.6 Stealth
 + Level 0.8 Shields
 + Level 17.5 Spellcasting
 + Level 0.5 Evocations


You had 16 spell levels left.
You knew the following spells:

 Your Spells              Type           Power      Damage    Failure   Level
a - Foxfire               Conj/Fire      100%       2x1d9     0%          1
b - Scorch                Fire           100%       2d10      0%          2
c - Conjure Flame         Conj/Fire      73%        6-21      0%          3
d - Inner Flame           Hex/Fire       73%        N/A       0%          3
e - Flame Wave            Conj/Fire      73%        2d13      1%          4
f - Sting                 Tmut/Pois      100%       1d8       0%          1
g - Poisonous Vapours     Pois/Air       100%       N/A       0%          2
h - Mephitic Cloud        Conj/Pois/Air  73%        N/A       0%          3
i - Passage of Golubria   Tloc           73%        N/A       1%          4
j - Cause Fear            Hex            36%        N/A       1%          4
k - Alistair's Intoxicat  Tmut/Pois      48%        N/A       1%          5
Your spell library was empty.

Dungeon Overview and Level Annotations

Branches:
Dungeon (11/15)            Temple (1/1) D:7            Lair (4/6) D:9
  Swamp (0/4) Lair:2        Snake (0/4) Lair:3          Orc (2/2) D:11
    Elf (0/3) Orc:2       Gauntlet (1/1)

Altars:
Ashenzari
Cheibriados
Dithmenos
Elyvilon
Fedhas
Gozag
Hepliaklqana
Kikubaaqudgha
Makhleb
Nemelex Xobeh
Okawaru
Qazlal
Ru
Sif Muna
Trog
Uskayaw
Vehumet
Wu Jian
Xom
Yredelemnul
Zin
The Shining One
Beogh

Shops:
D:6 (   D:11 :   Orc:1 (   Orc:2 *!*=[

Portals:
Pandemonium: Orc:2

Annotations:
Gauntlet 7 transporters, 1 runed translucent door


Innate Abilities, Weirdness & Mutations

Your life essence is reduced to manifest your ancestor. (-10% HP)
You are immune to sickness and miasma.
You are immune to poison.
Your flesh is very heat resistant. (rF++)
You are vulnerable to cold. (rC-)
You float through the air rather than walking.
You learn spells naturally, not from books.
Your magical power is your life essence.
You have superior vitality. (+4 MHP)


Message History

Confirm with . or Enter, or press ? or * to list all spells.
Flames lash the small abomination.
Flame seeps out of the small abomination.
The small abomination is moderately damaged.
The small abomination's fire resistance burns away.
The small abomination is engulfed in blazing flames.
Flame seeps out of the small abomination.
The small abomination misses you.
The small abomination is engulfed in blazing flames.
You destroy the small abomination!
The large abomination is engulfed in blazing flames.
The small abomination is engulfed in blazing flames.
The small abomination explodes!
The fiery explosion engulfs you. You resist. Akhenaten avoids your attack.
Casting: Scorch (safe; 0% risk of failure)
Confirm with . or Enter, or press ? or * to list all spells.
Aiming: Inner Flame (safe; 0% risk of failure)
Press: ? - help, Dir - move target, f - large abomination
Aim: a large abomination (lightly damaged, chance to affect: 50%)
The large abomination is filled with an inner flame.
You are engulfed in blazing flames.
You resist.
Akhenaten hits the large abomination but does no damage.
Casting: Foxfire (safe; 0% risk of failure)
Press: ? - help, Q - select action, (/) - cycle Dir - look around, f - activate You conjure some foxfire!
You are engulfed in blazing flames.
You resist.
Akhenaten hits the large abomination with a +0 quarterstaff!
Flame seeps out of the large abomination.
The large abomination hits Akhenaten.
Okay, then.
Your foxfire dissipates!
Something hits Akhenaten!!!
Akhenaten is destroyed!
You see here the +2 pair of gloves of Whack-A-Mole {rPois}.
You see here the +0 pair of boots of Negligence {*Corrode rC+ Slay+3}.
Casting: Foxfire (safe; 0% risk of failure)
Press: ? - help, Q - select action, (/) - cycle Dir - look around, f - activate You conjure some foxfire!
The large abomination hits you!!
You die...

#≈≈..⌠.#.⌠.⌠.⌠.⌠.⌠.#.⌠..
##≈....#©.........©#....
##.#########.#########.
##≈.##.#.#.##.#Xx.....#.
#≈≈.#.#.#.#.#.#xx####.#.
##≈.##.#.#.##.#x#...#.#.
##.#.#©#.#.###.#.©.#.#.
##≈.##X#.#.##.#.#...#.#.
#≈≈.#.#@#.#.#.#.####..#.
##≈.##v#v#!##.#.[?©?..#.
##.#########.#########.
##≈.....................
#≈≈≈#≈≈≈#..∩.⌠.∩..#≈≈≈#≈
##≈###≈###.......###≈###
### ### ######### ### #
.......... ⌠.⌠.©.©.⌠.⌠


You could see a large abomination (ally target).

Vanquished Creatures
  Gastronok (Lair:2)
  2 hydras
  Erica (D:8)
  2 demonspawn (Orc:2)
  3 two-headed ogres
  7 orc high priests (Orc:2)
  A death yak (Lair:3)
  Urug (D:10)
  Pikel (D:7)
  2 orc knights (Orc:2)
  2 oklob plants (Lair:2)
  3 orc sorcerers
  3 elephants (Gauntlet)
  An orange demon (Orc:2)
  2 cane toads
  2 torpor snails
  A kobold demonologist (D:10)
  An unseen horror (D:10)
  Maggie (D:6)
  5 komodo dragons
  Psyche (D:9)
  2 ice devils (D:11)
  A troll (D:11)
  Prince Ribbit (D:7)
  A hornet (D:9)
  A vampire (D:11)
  2 wraiths
  A wyvern (D:9)
  35 yaks
  2 basilisks
  A chaos spawn (Orc:2)
  A warg (Orc:1)
  An acid dragon (D:7)
  Duvessa (D:5)
  4 water moccasins
  23 orc warriors
  A sky beast (D:7)
  A swamp drake (D:11)
  An ice beast (D:8)
  4 black bears
  3 necrophages
  7 ogres
  5 wolves (Lair:3)
  6 centaurs
  A phantom (D:7)
  2 lemures
  3 kobold brigands
  A wyvern zombie (D:6)
  6 bullfrogs
  5 scorpions
  Dowan (D:5)
  5 killer bees (D:8)
  A wight (D:8)
  2 electric eels
  A howler monkey (D:5)
  A bullfrog zombie (D:5)
  2 centaur zombies
  2 bullfrog skeletons
  A jelly (D:5)
  21 orc priests
  2 gnoll shamans
  Natasha (thrice) (D:2)
  Ijyb (D:5)
  3 iguanas
  13 orc wizards
  6 small abominations (Gauntlet)
  9 gnolls
  8 adders
  4 dart slugs
  43 orcs
  8 ball pythons
  8 endoplasms
  A giant cockroach (D:3)
  13 goblins
  10 hobgoblins
  3 jackals (D:2)
  20 kobolds
  A quokka (D:5)
  10 bats
  3 frilled lizards
  3 rats
375 creatures vanquished.

Vanquished Creatures (collateral kills)
  A demonspawn (Orc:2)
  A soul eater (Orc:2)
  2 orc knights (Orc:2)
  An oklob plant (Lair:2)
  2 orc sorcerers (Orc:2)
  An elephant (Gauntlet)
  2 cane toads (Lair:2)
  A red devil (Orc:2)
  3 yaks
  A large abomination (Gauntlet)
  3 nagas (Lair:3)
  A water moccasin (Lair:1)
  A black bear (D:6)
  5 orc warriors
  A wolf (Lair:3)
  A bullfrog (Lair:4)
  A small abomination (Gauntlet)
  4 orc priests
  4 orcs
  A hobgoblin (D:7)
  25 foxfires
62 creatures vanquished.

Vanquished Creatures (others)
  5 battlemagi
  An ancestor (D:11)
  1883 foxfires
  14 fungi
  21 plants
  4 withered plants
1928 creatures vanquished.

Grand Total: 2365 creatures vanquished

Notes
Turn   | Place    | Note
-------+----------+-------------------------------------------
     0 | D:1      | 101zpm the Djinni Fire Elementalist began the quest for the
                  | Orb.
     0 | D:1      | Reached XP level 1. HP: 15/15 MP: 0/0
   559 | D:2      | Reached XP level 2. HP: 15/21 MP: 0/0
   562 | D:2      | Reached skill level 3 in Spellcasting
   562 | D:2      | Reached XP level 3. HP: 14/25 MP: 0/0
   562 | D:2      | Learned a level 1 spell: Sting
   716 | D:2      | Noticed Natasha
   721 | D:2      | Killed Natasha
   722 | D:2      | Reached XP level 4. HP: 23/31 MP: 0/0
   823 | D:2      | Noticed Natasha
   826 | D:2      | Killed Natasha
   856 | D:2      | Noticed Natasha
   859 | D:2      | Killed Natasha
   860 | D:2      | Reached XP level 5. HP: 20/35 MP: 0/0
   860 | D:2      | Learned a level 2 spell: Poisonous Vapours
  2307 | D:3      | Reached skill level 4 in Spellcasting
  3324 | D:4      | Noticed a yak
  3327 | D:4      | Killed a yak
  3328 | D:4      | Reached skill level 5 in Spellcasting
  3328 | D:4      | Reached XP level 6. HP: 29/40 MP: 0/0
  3330 | D:4      | Noticed a yak
  3333 | D:4      | Killed a yak
  3334 | D:4      | Reached XP level 7. HP: 27/45 MP: 0/0
  3334 | D:4      | Learned a level 3 spell: Mephitic Cloud
  3334 | D:4      | Noticed a yak
  3341 | D:4      | Noticed a yak
  3352 | D:4      | Killed a yak
  3353 | D:4      | Reached skill level 6 in Spellcasting
  3357 | D:4      | Killed a yak
  3358 | D:4      | Reached XP level 8. HP: 8/50 MP: 0/0
  3987 | D:4      | Reached skill level 7 in Spellcasting
  5206 | D:5      | Entered Level 5 of the Dungeon
  5690 | D:5      | Noticed Duvessa
  5693 | D:5      | Noticed Dowan
  5696 | D:5      | Reached skill level 8 in Spellcasting
  5696 | D:5      | Reached XP level 9. HP: 18/55 MP: 0/0
  5696 | D:5      | Learned a level 4 spell: Passage of Golubria
  5697 | D:5      | Killed Duvessa
  5700 | D:5      | Killed Dowan
  5984 | D:5      | Noticed Ijyb
  5990 | D:5      | Killed Ijyb
  6794 | D:7      | Noticed Prince Ribbit
  6798 | D:7      | Killed Prince Ribbit
  6799 | D:7      | Reached skill level 9 in Spellcasting
  7058 | D:7      | Identified the +3 leather armour of Sefranycs {rF+ Will+
                  | Slay+3}
  7202 | D:7      | Found an opulent altar of Gozag.
  7269 | D:7      | Found a staircase to the Ecumenical Temple.
  7275 | Temple   | Entered the Ecumenical Temple
  7584 | D:8      | Noticed Erica
  7598 | D:8      | Killed Erica
  7599 | D:8      | Reached skill level 1 in Armour
  7599 | D:8      | Reached skill level 10 in Spellcasting
  7599 | D:8      | Reached XP level 10. HP: 3/60 MP: 0/0
  8375 | D:8      | Found a shimmering altar of Xom.
  8380 | D:8      | Found a hazy altar of Hepliaklqana.
  8385 | D:8      | Found a sacrificial altar of Ru.
  8390 | D:8      | Found an ornate altar of the Wu Jian Council.
  9609 | D:8      | Found an iron altar of Okawaru.
 10033 | D:9      | Noticed Psyche
 10039 | D:9      | Killed Psyche
 10105 | D:9      | Reached skill level 11 in Spellcasting
 10256 | D:9      | Found a staircase to the Lair.
 11195 | D:10     | Entered Level 10 of the Dungeon
 11210 | D:10     | Noticed a kobold demonologist
 11213 | D:10     | Noticed a soul eater
 11214 | D:10     | Killed a kobold demonologist
 11215 | D:10     | Reached XP level 11. HP: 39/66 MP: 0/0
 11215 | D:10     | Learned a level 4 spell: Cause Fear
 11407 | D:9      | Identified the +0 chain mail "Nann" {Str+3 Int+6 Dex-5}
 11452 | Lair:1   | Entered Level 1 of the Lair of Beasts
 11625 | D:8      | Became a worshipper of Hepliaklqana the Forgotten
 12224 | D:10     | Noticed Urug
 12228 | D:10     | Killed Urug
 12229 | D:10     | Reached skill level 12 in Spellcasting
 12592 | D:10     | Noticed a two-headed ogre
 12598 | D:10     | Killed a two-headed ogre
 13063 | D:11     | Noticed a two-headed ogre
 13070 | D:11     | Killed a two-headed ogre
 13073 | D:11     | Noticed a two-headed ogre
 13080 | D:11     | Killed a two-headed ogre
 13864 | D:11     | Found a staircase to the Orcish Mines.
 14002 | D:11     | Reached * piety under Hepliaklqana
 14040 | D:11     | Found Jeusunku's Self-Improvement Boutique.
 14271 | D:11     | Reached skill level 13 in Spellcasting
 14897 | Orc:1    | Entered Level 1 of the Orcish Mines
 15003 | Orc:1    | Reached XP level 12. HP: 46/63 MP: 0/0
 15592 | Orc:1    | Found Jasoem's Weapon Emporium.
 15884 | Orc:2    | Entered Level 2 of the Orcish Mines
 15914 | Orc:2    | Reached ** piety under Hepliaklqana
 15916 | Orc:2    | Remembered your ancestor Akhenaten as a battlemage
 15926 | Orc:2    | Found a staircase to the Elven Halls.
 17185 | Orc:2    | Found Veunt's General Store.
 17192 | Orc:2    | Found Baont's Distillery.
 17236 | Orc:2    | Reached skill level 14 in Spellcasting
 17779 | Orc:2    | Found Hahiutom's Assorted Antiques.
 18601 | Orc:2    | Noticed a soul eater
 18608 | Orc:2    | Killed a soul eater
 18716 | Orc:2    | Noticed an orc high priest
 18717 | Orc:2    | Noticed a soul eater
 18719 | Orc:2    | Noticed an orc high priest
 18723 | Orc:2    | Killed an orc high priest
 18997 | Orc:2    | Killed an orc high priest
 19025 | Orc:2    | Reached skill level 15 in Spellcasting
 19131 | Orc:2    | Noticed a demonspawn
 19143 | Orc:2    | Killed a demonspawn
 19144 | Orc:2    | Reached XP level 13. HP: 64/68 MP: 0/0
 19144 | Orc:2    | Learned a level 5 spell: Alistair's Intoxication
 19192 | Orc:2    | Reached skill level 1 in Fighting
 19262 | Orc:2    | Noticed a demonspawn
 19265 | Orc:2    | Killed a demonspawn
 19605 | Orc:2    | Noticed a demonspawn
 19611 | Orc:2    | Killed a demonspawn
 19689 | Orc:2    | Found Tininusk's Antique Armour Emporium.
 19689 | Orc:2    | Found Ruptiano's Jewellery Shoppe.
 19694 | Orc:2    | Found a one-way gate leading to the halls of Pandemonium.
 20002 | D:7      | Noticed Pikel
 20035 | D:7      | Killed Pikel
 20696 | D:6      | Reached skill level 16 in Spellcasting
 20998 | D:6      | Noticed Maggie
 21005 | D:6      | Killed Maggie
 21092 | D:6      | Found Berroabi's Antique Weapon Shoppe.
 21936 | Lair:1   | Noticed a five-headed hydra
 21940 | Lair:1   | Killed a five-headed hydra
 22185 | Lair:1   | Reached *** piety under Hepliaklqana
 22922 | Lair:2   | Found a staircase to the Swamp.
 23034 | Lair:2   | Noticed a five-headed hydra
 23040 | Lair:2   | Killed a five-headed hydra
 23299 | Lair:2   | Noticed Gastronok
 23309 | Lair:2   | Killed Gastronok
 24939 | Lair:3   | Reached XP level 14. HP: 67/74 MP: 0/0
 25481 | Lair:3   | Found a staircase to the Snake Pit.
 25706 | Lair:3   | Reached skill level 17 in Spellcasting
 26273 | Lair:3   | Reached **** piety under Hepliaklqana
 26941 | Lair:4   | Found a gate leading to a gauntlet.
 26988 | Gauntlet | Entered a Gauntlet
 26988 | Gauntlet | Found a transporter.
 26988 | Gauntlet | Found a transporter.
 26988 | Gauntlet | Found a runed translucent door.
 26988 | Gauntlet | Found a runed translucent door.
 27005 | Gauntlet | Found a transporter.
 27010 | Gauntlet | Found a transporter.
 27020 | Gauntlet | Found a transporter.
 27022 | Gauntlet | Found a transporter.
 27032 | Gauntlet | Found a transporter.
 27050 | Gauntlet | Found a transporter.
 27067 | Gauntlet | Found a transporter.
 27071 | Gauntlet | Found a transporter.
 27079 | Gauntlet | Found a transporter.
 27083 | Gauntlet | Found a transporter.
 27610 | Gauntlet | Identified the +2 pair of gloves of Whack-A-Mole {rPois}
 27611 | Gauntlet | Identified the +0 pair of boots of Negligence {*Corrode rC+
                  | Slay+3}
 27612 | Gauntlet | Mangled by a large abomination

Illustrated notes

Levels and vault maps discovered:
D:1:      saegor_arrival_simple_c, layout_loops_ring,
          shapermc_ecumenical_altar_totnotflames, patterned_corridor
D:2:      layout_rooms, grunt_ministairs_13, serial_park_tiny_pond,
          hangedman_decor_lopped, minmay_increasing_density, uniq_natasha
D:3:      layout_rooms, grunt_ministairs_2
D:4:      layout_basic, portal_sewer_entry_e,
          hangedman_abyss_or_decor_lesser_grid,
          minmay_a_box_with_orc_wizards_in_it
D:5:      cheibrodos_quashed, layout_basic, uniq_ijyb, uniq_duvessa
D:6:      layout_basic, serial_shops, nicolae_shop_window_shopping, uniq_maggie
D:7:      layout_loops_ring, mainiacjoe_overflow_paths,
          minmay_temple_entry_gardened_gates, enter_bailey_4,
          uniq_prince_ribbit1, uniq_pikel
D:8:      layout_cave_pods, kennysheep_okawaru_gauntlet,
          grunt_temple_overflow_cloverleaf, serial_undead, serial_undead_e,
          serial_undead_c, serial_undead_b, serial_undead_f, serial_undead_f,
          uniq_erica
D:9:      layout_roguey, grunt_lair_entry_orc_guard_hut, uniq_psyche
D:10:     layout_rooms, ebering_dispersal_statue_hall, uniq_urug
D:11:     layout_gridville, erik_orc_1, portal_ice_cave_demonic_guard,
          nicolae_shop_self_help
Temple:   eino_temple_rhombus
Lair:1:   layout_roguey, grunt_megastairs_4, serial_bayou_shore_b,
          serial_bayou_shore_b
Lair:2:   dpeg_oklob_gauntlet, layout_gridlike, swamp_mist, uniq_gastronok
Lair:3:   layout_regular_city, guppyfry_snake_entry_garden,
          chequers_serial_rivers_micro_d, st_stairs_11
Lair:4:   layout_cave_pods, gauntlet_entry_generic, gammafunk_ghost_ooze
Orc:1:    layout_diamond_mine, serial_shops, nicolae_square_shop
Orc:2:    pf_orc_diabolical, layout_diamond_mine, basic_altar, serial_shops,
          shop
Gauntlet: minmay_gauntlet_77_indecision [minmay_gauntlet_arena_77_shame_cube,
          minmay_gauntlet_arena_77_two_paths,
          minmay_gauntlet_arena_77_two_lines,
          minmay_gauntlet_arena_77_chump_sandwich,
          minmay_gauntlet_arena_77_checkered, minmay_gauntlet_arena_77_box,
          gauntlet_exit_green]

Skill      XL: |  1  2  3  4  5  6  7  8  9 10 11 12 13 14 |
---------------+-------------------------------------------+-----
Spellcasting   | 3 5 6 8 10 11 13 15 16 17 | 17.5
Stealth        | 2 3 4 |  4.6
Dodging        | 3 4 |  4.5
Armour         | 1 2 3 4 |  4.7
Fighting       | 1 |  1.1
Shields        | |  0.8
Evocations     | |  0.5

Action                   |  1- 3 |  4- 6 |  7- 9 | 10-12 | 13-15 || total
-------------------------+-------+-------+-------+-------+-------++-------
 Cast: Foxfire           |    33 |   179 |   191 |   443 |   311 ||  1157
       Scorch            |       |     5 |    27 |    70 |    32 ||   134
       Poisonous Vapours |       |     3 |    13 |    68 |    56 ||   140
       Inner Flame       |       |     2 |    53 |   166 |   102 ||   323
       Passage of Golubr |       |       |     3 |       |       ||     3
       Conjure Flame     |       |       |       |     3 |     2 ||     5
       Cause Fear        |       |       |       |     1 |       ||     1
       Alistair's Intoxi |       |       |       |       |     1 ||     1
Invok: Ancestor Life: Ba |       |       |       |     1 |       ||     1
Evoke: Wand              |       |       |       |       |     2 ||     2
  Use: Scroll            |       |       |     3 |     8 |     3 ||    14
Armor: Robe              |       |     1 |     4 |       |       ||     5
       Leather armour    |       |       |       |     5 |    10 ||    15
Dodge: Dodged            |       |     9 |     9 |    29 |    18 ||    65
Block: Other             |       |       |     2 |     9 |     5 ||    16
